 Dungeon Crawl Stone Soup version 0.29-a0-559-g359e09b9d1 (webtiles) character file.

Game seed: 13645268852126084578

19 vulpzor the Magician (level 2, -6/22 HPs)
             Began as a Naga Hedge Wizard on June 10, 2022.
             Mangled by a worm (8 damage)
             ... on level 2 of the Dungeon.
             The game lasted 00:03:31 (1429 turns).

vulpzor the Magician (Naga Hedge Wizard)            Turns: 1429, Time: 00:03:32

Health: -6/22      AC:  1    Str: 12    XL:     2   Next: 75%
Magic:  5/6        EV:  9    Int: 14    God:
Gold:   50         SH:  0    Dex: 10    Spells: 5/7 levels left

rFire   . . .      SeeInvis +   g - +2 flail (drain)
rCold   . . .      Faith    .   (no shield)
rNeg    . . .      Spirit   .   b - +0 robe
rPois   +          Reflect  .   c - +0 hat
rElec   .          Harm     .   (no cloak)
rCorr   .          Rampage  .   (no gloves)
Will    .....                   (no barding)
Stlth   ++........              (no amulet)
HPRegen 0.07/turn               (no ring)
MPRegen 0.10/turn               (no ring)

@: very slow
A: AC +0, large, see invisible, deformed body, poison resistance, slowness 2,
spit poison 1, naga tail 1
a: Spit Poison


You were on level 2 of the Dungeon.
You visited 1 branch of the dungeon, and saw 2 of its levels.

You collected 50 gold pieces.

Inventory:

Hand Weapons
 a - a +0 dagger
 g - a +2 flail of draining (weapon)
Armour
 b - a +0 robe (worn)
 c - a +0 hat (worn)
 j - a +2 tower shield
Scrolls
 h - 2 scrolls of fear {unknown}
 i - 2 scrolls of identify {unknown}
 k - a scroll of poison {unknown}
Potions
 d - a potion of magic
 e - a potion of attraction {unknown}
 f - 2 potions of might {unknown}
 l - a potion of flight {unknown}


   Skills:
 + Level 0.4 Short Blades
 + Level 0.6 Maces & Flails
 + Level 1.7 Dodging
 + Level 3.0 Stealth
 + Level 3.4 Spellcasting
 + Level 1.0 Conjurations
 + Level 1.0 Summonings
 + Level 1.0 Translocations


You had 5 spell levels left.
You knew the following spells:

 Your Spells              Type           Power      Damage    Failure   Level
a - Magic Dart            Conj           20%        1d4       14%         1
b - Slow                  Hex            8%         N/A       21%         1

Your spell library contained the following spells:

 Spells                   Type           Power      Damage    Failure   Level
 Blink                    Tloc           10%        N/A       21%         2
 Call Imp                 Summ           5%         N/A       21%         2
 Conjure Flame            Conj/Fire      3%         6-21      45%         3
 Mephitic Cloud           Conj/Pois/Air  3%         N/A       47%         3


Dungeon Overview and Level Annotations

Branches:
Dungeon (2/15)

Altars:

Shops:
D:1 =


Innate Abilities, Weirdness & Mutations

Your serpentine skin is tough. (AC +0)
You have supernaturally acute eyesight. (SInv)
Armour fits poorly on your strangely shaped body.
Your system is resistant to poisons. (rPois)
You cover ground very slowly.
You can spit poison.
You have a snake-like lower body.


Message History

You barely miss the bat. The bat hits you but does no damage.
The bat barely misses you.
You miss the bat. The bat hits you but does no damage.
You closely miss the bat. The bat barely misses you. The bat hits you.
The bat closely misses you. The bat hits you.
You miss the bat. The bat hits you but does no damage.
You thump the bat!
You kill the bat!
You see here a +0 whip.
HP restored.
Found 21 stones and a chain mail.
Found a scroll labelled RETEPSAESM.
Found 17 stones.
You see here a +0 chain mail.
i - 2 scrolls labelled RETEPSAESM (gained 1)
You see here a +0 whip.
A hobgoblin comes into view.
A worm comes into view.
The hobgoblin shouts!
The hobgoblin hits you.
You sock the worm! You drain the worm.
The worm is severely wounded.
The hobgoblin hits you. The worm bites you.
You hit the worm.
The worm is almost dead.
The hobgoblin barely misses you.
Casting: Magic Dart (safe; 14% risk of failure)
Confirm with . or Enter, or press ? or * to list all spells.
Aiming: Slow (safe; 21% risk of failure)
Press: ? - help, Shift-Dir - straight line, f - hobgoblin
Aim: a hobgoblin (chance to affect: 53%)
The hobgoblin seems to slow down.
The worm bites you!
* * * LOW HITPOINT WARNING * * *
The hobgoblin hits you.
* * * LOW HITPOINT WARNING * * *
The hobgoblin is no longer moving slowly.
The hobgoblin closely misses you. The worm bites you!
You die...

####..........# ## ##..
## ............<## #..
####........## ##
#.......## #.#
#........## #.# #
#......)..###.# .. #
#####.####.#.######.#
#######...####.##......##
....[........(..@g......#
#######...####.##w.......
# ##.......##.......#
#######.........##
#.####...... #.# ###.##
#.# .# #. #


You could see a worm (drained) and a hobgoblin.

Vanquished Creatures
  A dart slug (D:1)
  4 ball pythons
  2 endoplasms
  2 goblins
  A hobgoblin (D:1)
  A kobold (D:1)
  3 bats
  2 frilled lizards (D:1)
  3 rats (D:1)
19 creatures vanquished.

Notes
Turn   | Place    | Note
-------+----------+-------------------------------------------
     0 | D:1      | vulpzor the Naga Hedge Wizard began the quest for the Orb.
     0 | D:1      | Reached XP level 1. HP: 15/15 MP: 4/4
     2 | D:1      | Learned a level 1 spell: Slow
    67 | D:1      | Found Sejit's Jewellery Shoppe.
   375 | D:1      | Reached XP level 2. HP: 22/22 MP: 6/6
  1429 | D:2      | Mangled by a worm

Illustrated notes

Levels and vault maps discovered:
D:1:      mrwooster_arrival_statue, layout_loops_cross, serial_shops, shop
D:2:      layout_loops_ring

Action                   || total
-------------------------++-------
Melee: Flail             ||    42
       Dagger            ||     2
 Cast: Magic Dart        ||    10
       Slow              ||     1
 Stab: Sleeping          ||     6
Armor: Robe              ||    14
Dodge: Dodged            ||    28

Table legend: (Time is in decaauts)
 A = Elapsed time spent in this place.
 B = Non-inter-level travel time spent in this place.
 C = Inter-level travel time spent in this place.
 D = Time resting spent in this place.
 E = Time spent auto-exploring this place.
 F = Levels seen in this place.
 G = Mean time per level.
                   A        B        C        D        E       F      G
               +--------+--------+--------+--------+--------+-----+--------+
         Total |   1807 |   1807 |      0 |      0 |   1368 |   2 |  903.5 |
       Dungeon |   1807 |   1807 |      0 |      0 |   1368 |   2 |  903.5 |
               +--------+--------+--------+--------+--------+-----+--------+

Top non-repeatable levels by time:
     D:1: 1217 daAuts
     D:2: 589 daAuts
